 Dungeon Crawl Stone Soup version 0.28.0-53-g5a82cb258f (webtiles) character file.

Game seed: 13830030369660012716

9 SanguineChosen the Slasher (level 2, -1/25 HPs)
             Began as a Palentonga Berserker on June 16, 2022.
             Was a Follower of Trog.
             Slain by an adder (4 damage)
             ... on level 2 of the Dungeon.
             The game lasted 00:05:54 (702 turns).

SanguineChosen the Slasher (Palentonga Berserker)    Turns: 702, Time: 00:05:54

Health: -1/25      AC:  4    Str: 20    XL:     2   Next: 6%
Magic:  2/2        EV:  9    Int:  7    God:    Trog [*.....]
Gold:   64         SH:  0    Dex:  9    Spells: 1/1 levels left

rFire   . . .      SeeInvis +   a - +0 falchion
rCold   . . .      Faith    .   (no shield)
rNeg    . . .      Spirit   .   b - +0 animal skin
rPois   .          Reflect  .   (no helmet)
rElec   .          Harm     .   (no cloak)
rCorr   .          Rampage  .   (no gloves)
Will    .....                   (no barding)
Stlth   +.........              (no amulet)
HPRegen 0.08/turn               (no ring)
MPRegen 0.08/turn               (no ring)

@: no status effects
A: large, rugged brown scales 3, see invisible, deformed body, roll 1, armoured
tail
a: Rolling Charge, Renounce Religion, Berserk


You were on level 2 of the Dungeon.
You worshipped Trog.
Trog was aware of your devotion.
You visited 1 branch of the dungeon, and saw 2 of its levels.

You collected 64 gold pieces.

Inventory:

Hand Weapons
 a - a +0 falchion (weapon)
Armour
 b - a +0 animal skin (worn)


   Skills:
 + Level 3.2 Fighting
 + Level 3.2 Long Blades
 + Level 1.6 Armour
 + Level 1.7 Dodging


You had one spell level left.
You didn't know any spells.
Your spell library was empty.

Dungeon Overview and Level Annotations

Branches:
Dungeon (2/15)

Altars:


Innate Abilities, Weirdness & Mutations

You are completely covered in rugged brown scales. (AC +3, +7% HP)
You have supernaturally acute eyesight. (SInv)
Armour fits poorly on your strangely shaped body.
You can roll at nearby foes to attack.
You have a long armoured tail.


Message History

You barely miss the adder.
Your tail-slap misses the adder.
You feel very sick. The adder bites you.
You closely miss the adder.
You feel sick. The adder barely misses you.
You are too injured to fight recklessly!
You feel sick. The adder bites you but does no damage.
You barely miss the adder.
You feel sick. The adder bites you.
You barely miss the adder.
You feel sick. The adder barely misses you. The adder closely misses you.
You hit the adder but do no damage.
You feel sick. The adder bites you but does no damage.
You completely miss the adder.
You feel sick.
You are no longer poisoned.
The adder bites you but does no damage. The adder bites you.
* * * LOW HITPOINT WARNING * * *
You are poisoned.
The adder poisons you!
As you read the scroll labelled XINEAS QOGG, it crumbles to dust.
You assume a fearsome visage.
The adder looks frightened!
It was a scroll of fear.
* * * LOW HITPOINT WARNING * * *
You feel sick.
* * * LOW HITPOINT WARNING * * *
You feel sick.
* * * LOW HITPOINT WARNING * * *
You feel sick.
* * * LOW HITPOINT WARNING * * *
You feel sick.
You are no longer poisoned.
You start resting.
An adder is nearby!
The adder seems to regain its courage.
The adder bites you but does no damage.
There is a stone staircase leading up here.
The adder bites you but does no damage. x2
You closely miss the adder.
Your tail-slap misses the adder.
The adder bites you but does no damage.
You closely miss the adder.
Your tail-slap misses the adder.
The adder completely misses you. The adder bites you.
You die...

## .#
#######.#
#.....#.#
#.#.#.#.#
#.#@S<#.#
#.#####.#
#.......#
#########


You could see an adder.

Vanquished Creatures
  A bat (D:1)
  A goblin (D:1)
  2 hobgoblins (D:1)
  3 jackals (D:1)
7 creatures vanquished.

Notes
Turn   | Place    | Note
-------+----------+-------------------------------------------
     0 | D:1      | SanguineChosen the Palentonga Berserker began the quest for
                  | the Orb.
     0 | D:1      | Reached XP level 1. HP: 19/19 MP: 1/1
   231 | D:1      | Reached XP level 2. HP: 25/25 MP: 2/2
   447 | D:1      | Found a faded altar of an unknown god.
   677 | D:2      | HP: 1/25 [poisoned by an adder]
   702 | D:2      | Slain by an adder

Illustrated notes

Levels and vault maps discovered:
D:1:      minmay_arrival_nine_rooms, layout_basic,
          dreamdust_ecumenical_altar_angels_and_demons, serial_bayou_crossing
D:2:      layout_basic, basic_altar

Action                   || total
-------------------------++-------
Melee: Falchion          ||    23
       Tailslap          ||     3
 Abil: Rolling Charge    ||     5
  Use: Scroll            ||     1
Armor: Animal skin       ||    16
Dodge: Dodged            ||    12
